 Dungeon Crawl Stone Soup version 0.30-a0-568-g124715a40b (webtiles) character file.

Game seed: 10174282731080159597

200 sokol815 the Cutter (level 6, -2/37 HPs)
             Began as a Kobold Delver on Dec 28, 2022.
             Was an Initiate of Gozag.
             Succumbed to a gnoll's poison
             ... on level 3 of the Dungeon.
             The game lasted 00:06:12 (3276 turns).

sokol815 the Cutter (Kobold Delver)                 Turns: 3276, Time: 00:06:12

Health: -2/37      AC:  3    Str:  9    XL:     6   Next: 7%
Magic:  6/6        EV: 14    Int: 11    God:    Gozag
Gold:   212        SH:  0    Dex: 19    Spells: 5/5 levels left

rFire   + + .      SeeInvis .    a - +0 short sword
rCold   + . .      Faith    .    (no shield)
rNeg    . . .      Spirit   .    b - +0 leather armour
rPois   +          Reflect  .    (no helmet)
rElec   +          Harm     .    (no cloak)
rCorr   +          Rampage  .    (no gloves)
Will    .....                    (no boots)
Stlth   ++++                     (no amulet)
HPRegen 0.26/turn                F - ring of protection from fire {rF+, !d}
MPRegen 0.10/turn                (no ring)

@: lethally poisoned (-2 -> -19), resistant
A: small, no large weapons, nightstalker 3
a: Renounce Religion, Potion Petition, Call Merchant, Bribe Branch


You were on level 3 of the Dungeon.
You worshipped Gozag.
Gozag was aware of your devotion.
You visited 2 branches of the dungeon, and saw 6 of its levels.

You collected 444 gold pieces.
You paid 232 gold pieces to Gozag.

Inventory:

Hand Weapons
 a - a +0 short sword (weapon)
 k - a +1 long sword of distortion {!w}
   (You found it on level 3 of the Dungeon)
Missiles
 p - 4 poisoned darts
 s - 46 stones
Armour
 b - a +0 leather armour (worn)
Jewellery
 F - a ring of protection from fire (left hand) {rF+, !d}
   (You found it on level 3 of the Dungeon)
Wands
 d - a wand of digging (3)
 q - a wand of flame (26)
   (You found it on level 3 of the Dungeon)
Scrolls
 c - a scroll of fog
 e - a scroll of vulnerability {unknown}
 f - a scroll of poison {unknown}
 h - 3 scrolls of identify {unknown}
 i - a scroll of silence {unknown}
 m - a scroll of enchant weapon {unknown}
 n - 2 scrolls of teleportation {unknown}
 o - a scroll of enchant armour {unknown}
 r - a scroll of immolation {unknown}
 E - a scroll of fear
 X - a scroll of magic mapping {@r4!r}
Potions
 g - a potion of ambrosia {unknown}
 j - a potion of lignification {unknown}
 l - a potion of heal wounds {unknown}
 t - a potion of attraction {unknown}
 H - 2 potions of haste


   Skills:
 - Level 3.2 Fighting
 + Level 7.7 Short Blades
 - Level 2.4 Dodging
 - Level 6.6 Stealth


You had 5 spell levels left.
You didn't know any spells.
Your spell library contained the following spells:

 Spells                   Type           Power      Damage    Failure   Level
 Beastly Appendage        Tmut           0%         N/A       45%         1
 Freeze                   Ice            0%         1d3       45%         1
 Sandblast                Erth           0%         2d4       45%         1
 Sting                    Tmut/Pois      0%         1d3       45%         1
 Passwall                 Tmut/Erth      0%         N/A       58%         2
 Poisonous Vapours        Pois/Air       0%         N/A       58%         2
 Wereblood                Tmut           0%         N/A       58%         2
 Frozen Ramparts          Ice            0%         1d1       83%         3
 Hailstorm                Conj/Ice       0%         3d3       83%         3
 Spider Form              Tmut/Pois      0%         N/A       83%         3
 Stone Arrow              Conj/Erth      0%         3d7       83%         3
 Olgreb's Toxic Radiance  Pois           0%         N/A       99%         4


Dungeon Overview and Level Annotations

Branches:
Dungeon (5/15) Zot: 25967  Temple (1/1) D:4 Zot: 5638

Altars:
Cheibriados
Elyvilon
Gozag
Hepliaklqana
Kikubaaqudgha
Makhleb
Nemelex Xobeh
Okawaru
Qazlal
Ru
Sif Muna
Uskayaw
Vehumet
Xom
Yredelemnul

Shops:
D:4 !


Innate Abilities, Weirdness & Mutations

You are small and have problems with some larger weapons.
You are completely attuned to the shadows.


Message History

No target in view!
You now have 384 gold pieces (gained 7).
A rat comes into view.
You hit the rat. The rat barely misses you.
You hit the rat.
You kill the rat!
No target in view!
No target in view!
You now have 392 gold pieces (gained 8).
You now have 399 gold pieces (gained 7).
You pick up a book of Changes and begin reading...
You add the spells Beastly Appendage, Wereblood and Spider Form to your library.
You open the door.
There is an open door here.
t - a brown potion
Found a staircase leading out of the dungeon.
There is an open door here.
A rat comes into view.
The helpless rat fails to defend itself.
You spit the rat like a pig!!!
You kill the rat!
No target in view!
No target in view!
You now have enough gold to petition Gozag for potion effects.
You now have 404 gold pieces (gained 5).
Done exploring.
Done exploring.
(D) Dungeon (T) Temple
Where to? (Enter - D:1, ? - help)
There is a stone staircase leading down here.
You climb downwards.
There is a stone staircase leading up here.
(D) Dungeon (T) Temple
Where to? (Enter - D:2, ? - help)
There is an open door here.
There is a stone staircase leading down here.
You climb downwards.
There is a stone staircase leading up here.
(D) Dungeon (T) Temple
Where to? (Enter - D:3, ? - help)
There is a stone staircase leading down here.
You climb downwards.
Level annotation: exclusions: adder and gnoll
There is a stone staircase leading up here.
The helpless adder fails to defend itself.
You skewer the adder like a kebab!!!
You kill the adder!
You now have 412 gold pieces (gained 8).
There is a stone staircase leading down here.
The gnoll shouts!
You hear a shout! x2; You hear an angry hiss.
You hear a shout!
A gnoll bouda comes into view. It is wielding a +0 club.
The gnoll barely misses you.
A gnoll comes into view. It is wielding a +3 halberd of venom.
The gnoll bouda barks out a call to the hunt!
The gnolls pick up the pace!
You hear a shout!
The gnoll closely misses you.
There is a stone staircase leading up here.
The gnoll hits you from afar with a +3 halberd of venom.
You are poisoned.
A gnoll comes into view. It is wielding a +0 club.
There is a stone staircase leading up here.
You take 4 damage, and have 33/37 hp.
You feel very sick. The gnoll misses you.
You take 2 damage, and have 31/37 hp.
You feel sick.
A gnoll comes into view. It is wielding a +0 spear.
The gnoll hits you from afar with a +3 halberd of venom.
You are more poisoned.
There is a stone staircase leading up here.
You take 5 damage, and have 26/37 hp.
You feel very sick. The gnoll barely misses you.
The gnoll hits you from afar with a +3 halberd of venom!
* * * LOW HITPOINT WARNING * * *
You are more poisoned.
The gnoll closely misses you. The gnoll bouda closely misses you.
You climb upwards.
* * * LOW HITPOINT WARNING * * *
You feel extremely sick.
There is a stone staircase leading down here.
You take 24 damage, and have 2/37 hp.
MASSIVE DAMAGE!!
Unknown command.
Okay, then. [a] - 459 gold - lignification, might and resistance [b] - 756 gold - resistance, might, heal wounds and magic [c] - 200 gold - resistance Purchase which effect?
You don't have enough gold for that! [a] - 459 gold - lignification, might and resistance [b] - 756 gold - resistance, might, heal wounds and magic [c] - 200 gold - resistance Purchase which effect?
You no longer have enough gold to petition Gozag for potion effects.
You feel protected.
You die...
Your body crumbles into a pile of gold.

##......##.......### #.
#............#.#.#.## #####.
#...................####.....
#............#.#>#.#.........
##................)...........
#.............#.#.#.#.........
#..........#..................
#.............#.#.#.#.........
#.........^..@g...............
###......<..g......#..........
#...........................
#...........................
##..............#.....#...#.
#.......#.#....#....##...#.
#......##......#...........
###....##..................
######....##...........##.....


You could see a gnoll bouda and a gnoll (swift).

Vanquished Creatures
  A phantom (D:4)
  A hound (D:4)
  2 adders
  2 dart slugs
  An orc (D:4)
  3 ball pythons
  9 bats
  7 endoplasms
  7 giant cockroaches
  A goblin (D:1)
  6 hobgoblins
  2 jackals (D:1)
  12 kobolds
  3 quokkas
  4 frilled lizards
  7 rats
68 creatures vanquished.

Notes
Turn   | Place    | Note
-------+----------+-------------------------------------------
     0 | D:5      | sokol815 the Kobold Delver began the quest for the Orb.
     0 | D:5      | Reached XP level 1. HP: 14/14 MP: 1/1
   112 | D:4      | Found Zisuoxec's Distillery.
   139 | D:4      | Found a staircase to the Ecumenical Temple.
   148 | D:4      | Reached skill level 3 in Short Blades
   150 | Temple   | Entered the Ecumenical Temple
   543 | D:4      | Reached XP level 2. HP: 19/19 MP: 2/2
   621 | D:4      | Reached skill level 4 in Short Blades
   763 | D:4      | Noticed a phantom
   765 | D:4      | Killed a phantom
   766 | D:4      | Reached skill level 6 in Short Blades
   766 | D:4      | Reached XP level 3. HP: 23/23 MP: 3/3
   766 | D:4      | Reached XP level 4. HP: 28/28 MP: 4/4
   782 | D:4      | Reached XP level 5. HP: 30/32 MP: 5/5
  1064 | D:3      | Found a hide-covered altar of Uskayaw.
  1411 | Temple   | Became a worshipper of Gozag Ym Sagoz the Greedy
  1603 | D:2      | Reached skill level 7 in Short Blades
  2607 | D:1      | Reached XP level 6. HP: 37/37 MP: 6/6
  3274 | D:4      | HP: 9/37 [gnoll/+3 halberd of venom[a gnoll bouda] (13)]
  3275 | D:3      | HP: 2/37 [poisoned by a gnoll]
  3276 | D:3      | Succumbed to a gnoll's poison

Illustrated notes

Levels and vault maps discovered:
D:1:      matt_arrival_refuge, layout_loops_ring
D:2:      layout_basic
D:3:      layout_basic, lemuel_crystal_altar, st_stairs_8
D:4:      kennysheep_big_flooded_room, layout_rooms,
          minmay_temple_entry_statues_fountains, serial_shops, shop,
          serial_bayou_pond_b
D:5:      layout_basic, mainiacjoe_overflow_six_doors_small,
          nicolae_concentric_dashed_squares_wild, kennysheep_generic_room_8
Temple:   dpeg_chambers_temple

Skill      XL: |  1  2  3  4  5 |
---------------+----------------+-----
Short Blades   | 3 6 7 |  7.7
Fighting       | |  3.2
Dodging        | |  2.4
Stealth        | |  6.6

Action                   |  1- 3 |  4- 6 || total
-------------------------+-------+-------++-------
Melee: Short sword       |    34 |    92 ||   126
       Punch             |     2 |     3 ||     5
Invok: Potion Petition   |       |     1 ||     1
 Stab: Sleeping          |     9 |    36 ||    45
       Distracted        |       |     1 ||     1
Armor: Leather armour    |     4 |     5 ||     9
Dodge: Dodged            |    12 |    34 ||    46

Table legend: (Time is in decaauts)
 A = Elapsed time spent in this place.
 B = Non-inter-level travel time spent in this place.
 C = Inter-level travel time spent in this place.
 D = Time resting spent in this place.
 E = Time spent auto-exploring this place.
 F = Levels seen in this place.
 G = Mean time per level.
                   A        B        C        D        E       F      G
               +--------+--------+--------+--------+--------+-----+--------+
         Total |   3243 |   2983 |    260 |     73 |   2467 |   6 |  540.5 |
       Dungeon |   2881 |   2682 |    199 |     25 |   2237 |   5 |  576.2 |
        Temple |    361 |    300 |     61 |     48 |    230 |   1 |  361.0 |
               +--------+--------+--------+--------+--------+-----+--------+

Top non-repeatable levels by time:
     D:1: 914 daAuts
     D:2: 690 daAuts
     D:3: 624 daAuts
     D:4: 603 daAuts
  Temple: 361 daAuts
     D:5: 49 daAuts

Table legend:
 A = Kills in this place as a percentage of kills in entire the game.
 B = Kills by you in this place as a percentage of kills by you in the entire game.
 C = Kills by friends in this place as a percentage of kills by friends in the entire game.
 D = Other kills in this place as a percentage of other kills in the entire game.
 E = Experience gained in this place as a percentage of experience gained in the entire game.
 F = Experience gained in this place divided by the number of levels of this place that you have seen.
                   A       B       C       D       E      F
               +-------+-------+-------+-------+-------+----------------------
         Total | 100.0 | 100.0 |   N/A |   N/A | 100.0 |  47.8
       Dungeon |  98.5 |  98.5 |   N/A |   N/A |  99.3 |  57.0
        Temple |   1.5 |   1.5 |   N/A |   N/A |   0.7 |   2.0
               +-------+-------+-------+-------+-------+----------------------
